[ AOE2 MATCH · #504967674 ]
UnrankedBulgarians vs Georgians
Player's team · LOSS
Rival team · WIN
[ REPLAY ANALYSIS · EXTRACTED FROM THE RECORDED GAME ]
Feudal
8:58
Castle
21:43
Imperial
43:24
| APM avg | 76.3 |
| APM peak | 118 |
| eAPM avg | 44.4 |
| Villagers / military | 281 / 556 |
Focus
⚔️ 57.1% · 🌾 42.9%
Scout Cavalry ×204 · Skirmisher ×195 · Knight ×125 · Spearman ×12 · Trebuchet (Packed) ×8 · Militia ×7
Feudal
9:17
Castle
22:23
Imperial
42:54
| APM avg | 84.8 |
| APM peak | 137 |
| eAPM avg | 50.7 |
| Villagers / military | 274 / 423 |
Focus
⚔️ 58.1% · 🌾 41.9%
Cavalry Archer ×252 · Scout Cavalry ×112 · Skirmisher ×28 · Mangonel ×10 · Trebuchet (Packed) ×9 · Archer ×7
Match map
Initial resources + every placement click. Lines = walls · curves = elevation contours. ◆ gold · ⬟ stone · ● berries · ✦ relic · ◌ wall gap
Your base· ✓ Closed at 21:43 · 45t walls · 1 gate(s)
wR.Prisma's base· Open — opponent sealed themselves in
Smoothed initial terrain · ◌ = detected wall gap · hover for details
Inputs per minute
— TAG_Sitaux - - wR.Prisma
Build order — TAG_Sitaux
First 150 of 1143 actions detected
| 0:00 | Create | Villager (Male) |
| 0:01 | Create | Villager (Male) |
| 0:02 | Build | House |
| 0:02 | Build | House |
| 0:10 | Create | Villager (Male) |
| 0:13 | Create | Villager (Male) |
| 1:14 | Create | Villager (Male) |
| 1:15 | Create | Villager (Male) |
| 1:48 | Create | Villager (Male) |
| 2:09 | Build | Lumber Camp |
| 2:19 | Create | Villager (Male) |
| 2:45 | Create | Villager (Male) |
| 2:45 | Create | Villager (Male) |
| 2:59 | Create | Villager (Male) |
| 3:00 | Create | Villager (Male) |
| 3:19 | Create | Villager (Male) |
| 3:19 | Create | Villager (Male) |
| 4:04 | Build | House |
| 4:17 | Create | Villager (Male) |
| 4:17 | Create | Villager (Male) |
| 4:18 | Create | Villager (Male) |
| 4:39 | Build | Barracks |
| 4:57 | Create | Villager (Male) |
| 5:12 | Build | House |
| 5:27 | Create | Villager (Male) |
| 5:56 | Create | Villager (Male) |
| 6:15 | Research | Loom |
| 6:16 | Research | Loom |
| 6:37 | Build | Mining Camp |
| 6:48 | Research | Feudal Age |
| 6:48 | Research | Feudal Age |
| 7:00 | Create | Militia |
| 7:00 | Create | Militia |
| 7:24 | Create | Militia |
| 7:25 | Create | Militia |
| 7:54 | Create | Militia |
| 7:54 | Create | Militia |
| 7:54 | Create | Militia |
| 8:16 | Build | Mill |
| 8:28 | Create | Villager (Male) |
| 8:30 | Build | House |
| 8:58 | Age | Feudal Age |
| 9:00 | Research | Double-Bit Axe |
| 9:00 | Research | Double-Bit Axe |
| 9:04 | Create | Spearman |
| 9:19 | Create | Villager (Male) |
| 9:43 | Create | Villager (Male) |
| 10:01 | Create | Villager (Male) |
| 10:06 | Build | Archery Range |
| 10:21 | Create | Villager (Male) |
| 10:23 | Build | House |
| 10:46 | Create | Villager (Male) |
| 10:50 | Build | Farm |
| 10:59 | Build | Farm |
| 11:04 | Build | Palisade Wall |
| 11:13 | Create | Villager (Male) |
| 11:14 | Create | Skirmisher |
| 11:14 | Create | Skirmisher |
| 11:29 | Build | Farm |
| 11:30 | Create | Skirmisher |
| 11:46 | Create | Skirmisher |
| 11:48 | Create | Villager (Male) |
| 12:01 | Build | Palisade Wall |
| 12:07 | Build | House |
| 12:10 | Build | House |
| 12:11 | Build | Palisade Wall |
| 12:14 | Build | Palisade Wall |
| 12:17 | Create | Skirmisher |
| 12:19 | Create | Villager (Male) |
| 12:47 | Create | Villager (Male) |
| 12:58 | Create | Villager (Male) |
| 13:08 | Create | Skirmisher |
| 13:15 | Create | Villager (Male) |
| 13:31 | Build | Farm |
| 13:33 | Build | Farm |
| 13:35 | Build | Farm |
| 13:38 | Create | Skirmisher |
| 13:41 | Create | Villager (Male) |
| 13:44 | Build | Farm |
| 13:45 | Build | Farm |
| 14:00 | Create | Villager (Male) |
| 14:01 | Build | House |
| 14:02 | Build | Palisade Wall |
| 14:11 | Build | Mill |
| 14:25 | Create | Villager (Male) |
| 14:28 | Build | Farm |
| 14:32 | Build | Farm |
| 14:34 | Build | House |
| 14:37 | Build | Palisade Wall |
| 14:43 | Create | Spearman |
| 14:51 | Create | Villager (Male) |
| 14:54 | Create | Spearman |
| 14:58 | Create | Skirmisher |
| 14:59 | Create | Villager (Male) |
| 15:10 | Build | Palisade Wall |
| 15:11 | Create | Spearman |
| 15:12 | Create | Skirmisher |
| 15:14 | Create | Villager (Male) |
| 15:32 | Create | Spearman |
| 15:33 | Create | Skirmisher |
| 16:02 | Create | Villager (Male) |
| 16:03 | Build | Blacksmith |
| 16:19 | Build | Farm |
| 16:27 | Build | Farm |
| 16:35 | Create | Villager (Male) |
| 16:41 | Research | Padded Archer Armor |
| 16:45 | Create | Villager (Male) |
| 16:50 | Build | House |
| 16:54 | Create | Skirmisher |
| 16:54 | Create | Spearman |
| 16:58 | Create | Spearman |
| 17:15 | Create | Skirmisher |
| 17:16 | Create | Villager (Male) |
| 17:18 | Build | Farm |
| 17:40 | Create | Skirmisher |
| 17:54 | Create | Skirmisher |
| 18:02 | Create | Skirmisher |
| 18:18 | Create | Villager (Male) |
| 18:19 | Create | Skirmisher |
| 18:22 | Create | Skirmisher |
| 18:23 | Create | Spearman |
| 18:34 | Create | Skirmisher |
| 18:45 | Build | House |
| 18:59 | Create | Skirmisher |
| 19:03 | Research | Castle Age |
| 19:03 | Research | Castle Age |
| 19:10 | Create | Skirmisher |
| 19:17 | Build | Lumber Camp |
| 19:30 | Build | Palisade Gate |
| 19:32 | Build | House |
| 19:54 | Create | Skirmisher |
| 19:57 | Build | Farm |
| 20:02 | Create | Skirmisher |
| 20:10 | Research | Horse Collar |
| 20:10 | Research | Horse Collar |
| 20:11 | Research | Gold Mining |
| 20:11 | Research | Gold Mining |
| 20:18 | Create | Spearman |
| 20:32 | Create | Skirmisher |
| 20:42 | Research | Fletching |
| 20:42 | Research | Fletching |
| 20:46 | Create | Spearman |
| 20:56 | Create | Spearman |
| 20:59 | Create | Spearman |
| 21:18 | Create | Skirmisher |
| 21:23 | Build | Lumber Camp |
| 21:35 | Build | Stable |
| 21:42 | Research | Scale Barding Armor |
| 21:42 | Research | Scale Barding Armor |
| 21:43 | Age | Castle Age |
Build order — wR.Prisma
First 150 of 1020 actions detected
| 0:00 | Create | Villager (Male) |
| 0:02 | Build | House |
| 0:02 | Build | House |
| 0:11 | Create | Villager (Male) |
| 0:15 | Create | Villager (Male) |
| 0:17 | Create | Villager (Male) |
| 1:23 | Create | Villager (Male) |
| 1:56 | Create | Villager (Male) |
| 2:26 | Create | Villager (Male) |
| 2:47 | Create | Villager (Male) |
| 2:55 | Create | Villager (Male) |
| 3:23 | Build | House |
| 3:23 | Build | House |
| 3:31 | Create | Villager (Male) |
| 3:31 | Create | Villager (Male) |
| 3:55 | Build | Palisade Wall |
| 3:59 | Build | Palisade Wall |
| 3:59 | Build | Palisade Wall |
| 4:01 | Build | Palisade Wall |
| 4:04 | Build | Palisade Wall |
| 4:05 | Build | Palisade Wall |
| 4:06 | Build | Palisade Wall |
| 4:07 | Create | Villager (Male) |
| 4:13 | Create | Villager (Male) |
| 4:57 | Create | Villager (Male) |
| 5:29 | Build | Mill |
| 5:30 | Create | Villager (Male) |
| 5:31 | Create | Villager (Male) |
| 5:43 | Research | Loom |
| 5:43 | Research | Loom |
| 5:47 | Create | Villager (Male) |
| 5:47 | Research | Loom |
| 6:18 | Create | Villager (Male) |
| 6:42 | Create | Villager (Male) |
| 7:04 | Research | Feudal Age |
| 7:04 | Research | Feudal Age |
| 7:30 | Build | Palisade Wall |
| 7:31 | Build | Palisade Wall |
| 7:32 | Build | Palisade Wall |
| 7:33 | Build | Palisade Wall |
| 7:35 | Build | Palisade Wall |
| 7:41 | Build | Barracks |
| 7:50 | Build | Palisade Wall |
| 7:52 | Build | Palisade Wall |
| 7:53 | Build | Palisade Wall |
| 7:53 | Build | Palisade Wall |
| 8:26 | Build | Palisade Wall |
| 8:31 | Build | Palisade Wall |
| 8:33 | Build | Palisade Wall |
| 8:35 | Create | Villager (Male) |
| 8:38 | Build | Palisade Wall |
| 8:41 | Build | Palisade Wall |
| 8:42 | Build | Palisade Wall |
| 8:46 | Build | Palisade Wall |
| 8:49 | Create | Villager (Male) |
| 8:51 | Create | Villager (Male) |
| 9:17 | Age | Feudal Age |
| 9:19 | Build | Archery Range |
| 9:25 | Build | Palisade Wall |
| 9:26 | Build | Palisade Wall |
| 9:27 | Research | Double-Bit Axe |
| 10:00 | Create | Archer |
| 10:08 | Create | Villager (Male) |
| 10:12 | Build | House |
| 10:15 | Build | Farm |
| 10:17 | Create | Archer |
| 10:25 | Create | Villager (Male) |
| 10:27 | Build | Palisade Wall |
| 10:34 | Build | Farm |
| 10:35 | Create | Villager (Male) |
| 10:44 | Build | House |
| 10:55 | Build | Farm |
| 11:00 | Create | Archer |
| 11:01 | Create | Villager (Male) |
| 11:08 | Create | Villager (Male) |
| 11:16 | Build | House |
| 11:26 | Build | Farm |
| 11:33 | Create | Villager (Male) |
| 11:37 | Create | Villager (Male) |
| 11:45 | Research | Town Watch |
| 11:50 | Build | Farm |
| 11:52 | Create | Archer |
| 11:58 | Create | Villager (Male) |
| 12:14 | Create | Villager (Male) |
| 12:15 | Build | Farm |
| 12:18 | Create | Archer |
| 12:28 | Create | Villager (Male) |
| 12:49 | Create | Archer |
| 12:59 | Create | Villager (Male) |
| 13:08 | Create | Villager (Male) |
| 13:20 | Create | Villager (Male) |
| 13:27 | Create | Archer |
| 13:41 | Create | Villager (Male) |
| 13:43 | Build | Farm |
| 13:45 | Build | Farm |
| 13:45 | Build | Farm |
| 13:46 | Build | Farm |
| 13:48 | Build | Farm |
| 13:59 | Build | Stable |
| 14:04 | Create | Villager (Male) |
| 14:11 | Build | Farm |
| 14:19 | Create | Villager (Male) |
| 14:33 | Build | Mule Cart |
| 14:35 | Create | Villager (Male) |
| 14:48 | Create | Skirmisher |
| 14:48 | Create | Skirmisher |
| 14:52 | Create | Scout Cavalry |
| 14:52 | Create | Scout Cavalry |
| 14:54 | Build | Palisade Wall |
| 14:55 | Create | Villager (Male) |
| 14:57 | Build | House |
| 15:07 | Create | Villager (Male) |
| 15:11 | Build | Farm |
| 15:16 | Create | Scout Cavalry |
| 15:17 | Create | Skirmisher |
| 15:28 | Create | Villager (Male) |
| 15:38 | Create | Villager (Male) |
| 15:46 | Build | House |
| 15:51 | Create | Villager (Male) |
| 15:58 | Create | Skirmisher |
| 16:04 | Create | Villager (Male) |
| 16:06 | Build | Blacksmith |
| 16:43 | Research | Fletching |
| 16:43 | Research | Fletching |
| 16:49 | Create | Villager (Male) |
| 16:54 | Create | Skirmisher |
| 16:59 | Create | Villager (Male) |
| 16:59 | Create | Villager (Male) |
| 17:01 | Build | House |
| 17:17 | Create | Scout Cavalry |
| 17:25 | Create | Scout Cavalry |
| 17:44 | Create | Villager (Male) |
| 17:46 | Create | Villager (Male) |
| 17:47 | Build | Farm |
| 17:48 | Build | Farm |
| 17:48 | Create | Villager (Male) |
| 17:50 | Build | House |
| 18:12 | Create | Skirmisher |
| 18:29 | Create | Villager (Male) |
| 18:31 | Build | Farm |
| 18:36 | Create | Skirmisher |
| 18:37 | Create | Scout Cavalry |
| 18:38 | Build | Farm |
| 18:39 | Build | Farm |
| 18:58 | Create | Villager (Male) |
| 19:02 | Build | Mule Cart |
| 19:12 | Build | Farm |
| 19:14 | Build | Farm |
| 19:15 | Build | Farm |
| 19:27 | Create | Villager (Male) |
Match timeline
| 3:55 | wR.Prisma · wall_segment Palisade Wall x1 |
| 3:59 | wR.Prisma · wall_segment Palisade Wall x1 |
| 3:59 | wR.Prisma · wall_segment Palisade Wall x1 |
| 4:01 | wR.Prisma · wall_segment Palisade Wall x1 |
| 4:04 | wR.Prisma · wall_segment Palisade Wall x1 |
| 4:05 | wR.Prisma · wall_segment Palisade Wall x1 |
| 4:06 | wR.Prisma · wall_segment Palisade Wall x1 |
| 4:39 | TAG_Sitaux · first_building Barracks |
| 7:30 | wR.Prisma · wall_segment Palisade Wall x1 |
| 7:31 | wR.Prisma · wall_segment Palisade Wall x1 |
| 7:32 | wR.Prisma · wall_segment Palisade Wall x1 |
| 7:33 | wR.Prisma · wall_segment Palisade Wall x1 |
| 7:35 | wR.Prisma · wall_segment Palisade Wall x1 |
| 7:41 | wR.Prisma · first_building Barracks |
| 7:50 | wR.Prisma · wall_segment Palisade Wall x2 |
| 7:52 | wR.Prisma · wall_segment Palisade Wall x1 |
| 7:53 | wR.Prisma · wall_segment Palisade Wall x1 |
| 7:53 | wR.Prisma · wall_segment Palisade Wall x1 |
| 8:26 | wR.Prisma · wall_segment Palisade Wall x2 |
| 8:31 | wR.Prisma · wall_segment Palisade Wall x1 |
| 8:33 | wR.Prisma · wall_segment Palisade Wall x1 |
| 8:38 | wR.Prisma · wall_segment Palisade Wall x1 |
| 8:41 | wR.Prisma · wall_segment Palisade Wall x1 |
| 8:42 | wR.Prisma · wall_segment Palisade Wall x1 |
| 8:46 | wR.Prisma · wall_segment Palisade Wall x1 |
| 8:58 | TAG_Sitaux · age_up feudal |
| 9:17 | wR.Prisma · age_up feudal |
| 9:19 | wR.Prisma · first_building Archery Range |
| 9:25 | wR.Prisma · wall_segment Palisade Wall x1 |
| 9:26 | wR.Prisma · wall_segment Palisade Wall x1 |
| 10:06 | TAG_Sitaux · first_building Archery Range |
| 10:27 | wR.Prisma · wall_segment Palisade Wall x1 |
| 11:04 | TAG_Sitaux · wall_segment Palisade Wall x10 |
| 12:01 | TAG_Sitaux · wall_segment Palisade Wall x1 |
| 12:11 | TAG_Sitaux · wall_segment Palisade Wall x6 |
| 12:14 | TAG_Sitaux · wall_segment Palisade Wall x10 |
| 13:59 | wR.Prisma · first_building Stable |
| 14:02 | TAG_Sitaux · wall_segment Palisade Wall x1 |
| 14:37 | TAG_Sitaux · wall_segment Palisade Wall x12 |
| 14:54 | wR.Prisma · wall_segment Palisade Wall x1 |
| 15:10 | TAG_Sitaux · wall_segment Palisade Wall x5 |
| 21:35 | TAG_Sitaux · first_building Stable |
| 21:43 | TAG_Sitaux · age_up castle |
| 22:23 | wR.Prisma · age_up castle |
| 23:57 | wR.Prisma · first_building Monastery |
| 24:54 | wR.Prisma · wall_segment Palisade Wall x1 |
| 25:40 | wR.Prisma · wall_segment Palisade Wall x8 |
| 26:47 | wR.Prisma · wall_segment Palisade Wall x1 |
| 27:07 | wR.Prisma · wall_segment Palisade Wall x1 |
| 27:34 | wR.Prisma · first_building Siege Workshop |
| 28:32 | wR.Prisma · wall_segment Palisade Wall x1 |
| 28:44 | TAG_Sitaux · first_building Siege Workshop |
| 29:28 | TAG_Sitaux · wall_segment Stone Wall x1 |
| 30:29 | wR.Prisma · wall_segment Palisade Wall x1 |
| 30:30 | wR.Prisma · wall_segment Palisade Wall x1 |
| 30:30 | wR.Prisma · wall_segment Palisade Wall x1 |
| 30:34 | wR.Prisma · wall_segment Palisade Wall x1 |
| 30:35 | wR.Prisma · wall_segment Palisade Wall x1 |
| 30:36 | wR.Prisma · wall_segment Palisade Wall x1 |
| 31:55 | TAG_Sitaux · first_building Monastery |
| 33:46 | TAG_Sitaux · wall_segment Palisade Wall x1 |
| 39:18 | TAG_Sitaux · first_building Castle |
| 40:02 | wR.Prisma · first_market_sell 100 wood |
| 42:54 | wR.Prisma · age_up imperial |
| 43:04 | TAG_Sitaux · first_building Krepost |
| 43:24 | TAG_Sitaux · age_up imperial |
| 44:08 | TAG_Sitaux · wall_segment Stone Wall x16 |
| 45:41 | TAG_Sitaux · wall_segment Stone Wall x1 |
| 46:03 | TAG_Sitaux · wall_segment Stone Wall x1 |
| 46:04 | TAG_Sitaux · wall_segment Stone Wall x1 |
| 46:20 | wR.Prisma · first_building Castle |
| 49:39 | TAG_Sitaux · first_market_buy 100 wood |
| 51:44 | TAG_Sitaux · first_market_sell 100 food |
| 53:10 | wR.Prisma · first_market_buy 100 food |
| 55:09 | wR.Prisma · wall_segment Stone Wall x1 |
| 55:18 | wR.Prisma · wall_segment Palisade Wall x1 |
| 62:22 | TAG_Sitaux · wall_segment Stone Wall x1 |
| 62:23 | TAG_Sitaux · wall_segment Stone Wall x1 |
| 66:21 | TAG_Sitaux · resign |
[ AI ANALYSIS · 1 CREDIT ]
What really happened in this match?
Wolo.gg analyzes every decision: build order, eco, micro, common mistakes by bracket. Personalized analysis on WhatsApp or Discord in 30 seconds.
Civ guide
Bulgarians
Perfil
Jugador #212721